 Dungeon Crawl Stone Soup version 0.27-a0-1158-gaa87e14f67 (webtiles) character file.

Game seed: 8053812657341609119

7964 jasper the Fighter (level 11, -5/90 HPs)
             Began as a Demonspawn Wanderer on May 16, 2021.
             Was a Priest of Cheibriados.
             Slain by a two-headed ogre
             ... wielding a +0 giant club
              (29 damage)
             ... on level 9 of the Dungeon.
             The game lasted 00:20:46 (17961 turns).

jasper the Fighter (Demonspawn Wanderer)           Turns: 17961, Time: 00:20:46

Health: -5/90      AC:  9    Str: 22    XL:     11   Next: 3%
Magic:  12/12      EV: 10    Int: 24    God:    Cheibriados [***...]
Gold:   675        SH:  0    Dex: 23    Spells: 12/12 levels left

rFire    + . .     SeeInvis .     - Unarmed
rCold    + . .     Faith    .   (no shield)
rNeg     . . .     Spirit   .   q - +1 ring mail {rF+}
rPois    .         Reflect  .   (helmet restricted)
rElec    .         Harm     .   w - +0 cloak
rCorr    .         Rampage  .   x - +0 pair of gloves
Will     .....                  s - +0 pair of boots
Stlth    ++........             (no amulet)
HPRegen  0.25/turn              h - ring of protection from cold
MPRegen  0.13/turn              u - +6 ring of dexterity

@: very slow
A: claws 2, hooves 1, horns 1, demonic magic 1
a: Renounce Religion, Bend Time, Temporal Distortion


You were on level 9 of the Dungeon.
You worshipped Cheibriados.
Cheibriados was most pleased with you.
You visited 2 branches of the dungeon, and saw 11 of its levels.

You collected 1192 gold pieces.
You spent 517 gold pieces at shops.

Inventory:

Missiles
 v - 4 poisoned darts (quivered)
 B - 5 throwing nets
 E - 45 arrows
 H - a curare-tipped dart
Armour
 e - a +2 chain mail of poison resistance
 l - a +1 kite shield
 q - a +1 ring mail of fire resistance (worn)
 s - a +0 pair of boots (worn)
 w - a +0 cloak (worn)
 x - a +0 pair of gloves (worn)
 y - +0 steam dragon scales
Jewellery
 h - a ring of protection from cold (left hand)
 i - a +6 ring of strength
 r - a ring of positive energy
 u - a +6 ring of dexterity (right hand)
 D - a +6 ring of dexterity
Wands
 c - a wand of acid (1)
 j - a wand of mindburst (5)
 I - a wand of paralysis (7)
 J - a wand of digging (3)
Scrolls
 a - 3 scrolls of enchant weapon
 d - 4 scrolls of teleportation
 t - a scroll of enchant armour
 C - 2 scrolls of amnesia
Potions
 f - 2 potions of resistance
 g - a potion of cancellation
 k - 3 potions of mutation
 m - 6 potions of attraction
 n - 2 potions of flight
 o - a potion of might
 p - 4 potions of curing
 z - 2 potions of degeneration
 A - a potion of ambrosia {unknown}
 F - a potion of lignification
Miscellaneous
 G - a phial of floods


   Skills:
 - Level 10.0 Fighting
 - Level 1.0 Bows
 - Level 2.6 Armour
 - Level 1.0 Stealth
 + Level 7.8 Shields
 - Level 10.0 Unarmed Combat
 - Level 1.0 Spellcasting
 - Level 1.0 Translocations
 - Level 2.0 Ice Magic


You had 12 spell levels left.
You didn't know any spells.
Your spell library contained the following spells:

 Spells                   Type           Power      Damage    Failure   Level
 Freeze                   Ice            40%        1d6       9%          1
 Corona                   Hex            1%         N/A       21%         1
 Frozen Ramparts          Ice            20%        1d4       26%         3
 Ozocubu's Armour         Ice            10%        N/A       26%         3
 Slow                     Hex            1%         N/A       30%         2
 Portal Projectile        Hex/Tloc       6%         N/A       45%         3
 Inner Flame              Hex/Fire       1%         N/A       52%         3
 Hailstorm                Conj/Ice       6%         3d4       80%         4
 Cause Fear               Hex            0%         N/A       90%         4
 Leda's Liquefaction      Hex/Erth       0%         N/A       90%         4
 Metabolic Englaciation   Hex/Ice        3%         N/A       98%         5


Dungeon Overview and Level Annotations

Branches:
Dungeon (10/15)            Temple (1/1) D:7             Orc (0/2) D:10
   Lair: D:8-11

Altars:
Ashenzari
Cheibriados
Dithmenos
Elyvilon
Fedhas
Gozag
Kikubaaqudgha
Okawaru
Qazlal
Ru
Trog
Vehumet
Wu Jian
Yredelemnul
Zin
The Shining One

Shops:
D:5 [(?


Innate Abilities, Weirdness & Mutations

You have very sharp fingernails.
You have large cloven feet.
You have a pair of small horns on your head.
Spells you cast may paralyse adjacent enemies.


Message History

The two-headed ogre looks even sicker.
Throw: 5 darts (poison)
Press: ? - help, Q - select action, (/) - cycle Shift-Dir - straight line, f/p - two-headed ogre
Aim: a two-headed ogre, wielding two +0 giant clubs (very poisoned, 80% to hit)
You throw a poisoned dart.
The poisoned dart hits the two-headed ogre.
The two-headed ogre hits you with a +0 giant club! x2
You climb upwards.
There is a stone staircase leading down here.
You take 24 damage, and have 63/90 hp.
MASSIVE DAMAGE!!
You hit the two-headed ogre but do no damage.
You headbutt the two-headed ogre.
The two-headed ogre is lightly wounded.
The two-headed ogre hits you with a +0 giant club!!
The two-headed ogre barely misses you.
You take 28 damage, and have 36/90 hp.
MASSIVE DAMAGE!!
The two-headed ogre barely misses you.
The two-headed ogre hits you with a +0 giant club!
* * * LOW HITPOINT WARNING * * *
The two-headed ogre barely misses you.
The two-headed ogre hits you with a +0 giant club!
* * * LOW HITPOINT WARNING * * *
You take 29 damage, and have 7/90 hp.
MASSIVE DAMAGE!!
Okay, then.
Okay, then.
You feel much better.
You regained 17 hp, and now have 24/90 hp.
Aiming: Corrosive Bolt
Press: ? - help, Shift-Dir - straight line, f - two-headed ogre
Aim: a two-headed ogre, wielding two +0 giant clubs (lightly wounded, poisoned, 86% to hit)
The bolt of acid hits the two-headed ogre!
The two-headed ogre is splashed with acid.
The acid corrodes the two-headed ogre!
The two-headed ogre is moderately wounded.
The two-headed ogre completely misses you.
The two-headed ogre closely misses you.
You punch the two-headed ogre!
The two-headed ogre is severely wounded.
The two-headed ogre hits you with a +0 giant club!!
You die...

.#......#.....................#..
.#......#.....................#..
.########........###+###......###
.................#.....#.........
.................#.....#>........
........#######..#.....#.........
#######.# #..#.....#.........
......#.# #>.#.....#.........
......'.# #O@#.....#.........
......#.#######..#.....###.......
#'#####..........#.......#....###
.............)).##.......#....#
#########...[...#........#....#
........#...[...#........'....#
........#..)....'........#....#
......###.......#........#....#
......'...#####.##########....#


You could see a two-headed ogre (poisoned, corroded).

Vanquished Creatures
  Harold (D:9)
  Erica (D:9)
  A two-headed ogre (D:9)
  Maggie (D:6)
  A troll (D:9)
  A hornet (D:8)
  A shadow (D:9)
  5 yaks (D:9)
  A steam dragon (D:8)
  2 vampire mosquitoes (D:8)
  3 orc warriors
  3 sky beasts
  3 ice beasts
  3 black bears
  2 necrophages
  6 centaurs
  A kobold brigand (D:6)
  3 bullfrogs
  2 water moccasin zombies (D:5)
  A scorpion (D:6)
  A water moccasin skeleton (D:5)
  3 killer bees (D:9)
  11 wights
  3 howler monkeys
  2 centaur zombies (D:9)
  4 orc priests
  2 jellies
  3 gnoll shamans
  A bullfrog skeleton (D:5)
  4 hounds
  3 iguanas
  Natasha (D:2)
  4 orc wizards
  A killer bee zombie (D:7)
  A hound skeleton (D:4)
  A howler monkey zombie (D:8)
  Robin (D:4)
  17 gnolls
  A howler monkey skeleton (D:6)
  7 adders
  An ufetubus (D:5)
  2 worms
  2 dart slugs (D:1)
  21 orcs
  8 ball pythons
  5 endoplasms
  3 giant cockroaches
  17 goblins
  12 hobgoblins
  4 jackals (D:3)
  6 quokkas
  3 bats
  3 frilled lizards
  12 kobolds
  A quokka skeleton (D:4)
  7 rats
220 creatures vanquished.

Vanquished Creatures (others)
  A sky beast (D:7)
1 creature vanquished.

Grand Total: 221 creatures vanquished

Notes
Turn   | Place    | Note
-------+----------+-------------------------------------------
     0 | D:1      | jasper the Demonspawn Wanderer began the quest for the Orb.
     0 | D:1      | jasper set off with the following items: a +0 shortbow, 29
                  | arrows, a scroll of teleportation, a +0 robe; and the
                  | following spell memorised: Freeze; and the following spells
                  | available to memorise: Frozen Ramparts, Ozocubu's Armour,
                  | Hailstorm, Metabolic Englaciation
     0 | D:1      | Reached XP level 1. HP: 15/15 MP: 2/2
   378 | D:1      | Gained mutation: You have a pair of small horns on your
                  | head. [demonic ancestry]
   378 | D:1      | Reached XP level 2. HP: 10/21 MP: 1/3
  1093 | D:1      | Found a faded altar of an unknown god.
  1149 | D:1      | Reached skill level 1 in Unarmed Combat
  1184 | D:1      | Gained mutation: You have large cloven feet. [demonic
                  | ancestry]
  1184 | D:1      | Reached XP level 3. HP: 16/27 MP: 4/4
  1575 | D:2      | Noticed Natasha
  2511 | D:3      | Reached XP level 4. HP: 34/34 MP: 5/5
  3201 | D:4      | Noticed a necrophage
  3208 | D:4      | Killed a necrophage
  3209 | D:4      | Reached XP level 5. HP: 41/41 MP: 6/6
  3685 | D:5      | Entered Level 5 of the Dungeon
  3685 | D:5      | Found Wotyurui's Weapon Shoppe.
  3734 | D:5      | Found Abaqeugevi's Magic Scroll Emporium.
  3742 | D:5      | Bought a scroll of identify for 26 gold pieces
  3744 | D:5      | Bought a scroll of identify for 26 gold pieces
  3744 | D:5      | Bought a scroll of identify for 26 gold pieces
  3744 | D:5      | Bought a scroll of identify for 26 gold pieces
  3858 | D:5      | Reached XP level 6. HP: 26/48 MP: 7/7
  5120 | D:5      | Found Igi Lei's Armour Emporium.
  5127 | D:5      | Bought a +0 cloak for 63 gold pieces
  5154 | D:5      | Reached skill level 5 in Fighting
  5154 | D:5      | Reached XP level 7. HP: 56/56 MP: 8/8
  5962 | D:5      | Identified a scroll of acquirement
  5962 | D:5      | Acquired 776 gold pieces
  6005 | D:5      | Bought a +1 ring mail of fire resistance for 224 gold
                  | pieces
  6005 | D:5      | Bought a +0 pair of boots for 63 gold pieces
  6005 | D:5      | Bought a +0 pair of gloves for 63 gold pieces
  6048 | D:6      | Noticed Maggie
  6150 | D:6      | Reached skill level 5 in Unarmed Combat
  6559 | D:6      | Gained mutation: Spells you cast may paralyse adjacent
                  | enemies. [demonic ancestry]
  6559 | D:6      | Reached XP level 8. HP: 56/65 MP: 9/9
  6723 | D:6      | Killed Maggie
  8334 | D:7      | Reached XP level 9. HP: 24/74 MP: 10/10
  9874 | D:7      | Found a staircase to the Ecumenical Temple.
  9972 | Temple   | Entered the Ecumenical Temple
 10122 | Temple   | Became a worshipper of Cheibriados the Contemplative
 12540 | D:8      | Reached * piety under Cheibriados
 13178 | D:4      | Noticed Robin
 13210 | D:4      | Killed Robin
 14006 | D:4      | Found an iron altar of Okawaru.
 14006 | D:4      | Found a radiant altar of Vehumet.
 14212 | D:2      | Killed Natasha
 14376 | D:2      | Reached ** piety under Cheibriados
 14963 | D:8      | Reached skill level 10 in Fighting
 15269 | D:8      | Gained mutation: You have sharp fingernails. [demonic
                  | ancestry]
 15269 | D:8      | Reached XP level 10. HP: 80/84 MP: 11/11
 15774 | D:9      | Reached skill level 10 in Unarmed Combat
 15802 | D:9      | Noticed a two-headed ogre
 15808 | D:9      | Killed a two-headed ogre
 16075 | D:9      | Reached skill level 5 in Shields
 16875 | D:9      | Noticed Harold
 16888 | D:9      | Killed Harold
 17348 | D:9      | Noticed Erica
 17363 | D:9      | Killed Erica
 17363 | D:9      | Reached *** piety under Cheibriados
 17364 | D:9      | Gained mutation: You have very sharp fingernails. [demonic
                  | ancestry]
 17364 | D:9      | Reached XP level 11. HP: 39/90 MP: 12/12
 17864 | D:10     | Entered Level 10 of the Dungeon
 17880 | D:10     | Found a staircase to the Orcish Mines.
 17949 | D:10     | Noticed a two-headed ogre
 17961 | D:9      | Slain by a two-headed ogre

Illustrated notes

Levels and vault maps discovered:
D:1:      evilmike_arrival_hilbert_curve, layout_basic,
          shapermc_ecumenical_altar_totnotflames, minivault_11
D:2:      layout_loops_corners, minmay_misc_feat_x,
          hangedman_abyss_or_decor_lesser_grid, moated_statue, uniq_natasha
D:3:      layout_loops_ring
D:4:      layout_basic, amethyst_overflow_temple_binary, tso_metal_star,
          uniq_robin
D:5:      layout_cave_pods, serial_shops, shop, shop, shop, dk_noncrumbling_4,
          minmay_starry_boxes
D:6:      layout_layer_cave, hangedman_decor_peaks_small, uniq_maggie
D:7:      layout_basic, temple_fountains
D:8:      layout_cave_pools, kennysheep_generic_room_4
D:9:      layout_irregular_city, uniq_harold, uniq_erica
D:10:     layout_cave_pools, doesnt_xom_only_xom, orc_0_dummy,
          grunt_decor_junction, hex_medium, minivault_10, minmay_diced_spiral
Temple:   dpeg_five_rooms_temple

Skill      XL: |  1  2  3  4  5  6  7  8  9 10 |
---------------+-------------------------------+-----
Ice Magic      | 2 |  2.0
Unarmed Combat | 1 2 3 4 5 7 9 10 | 10.0
Fighting       | 2 3 4 5 6 8 10 | 10.0
Shields        | 7 |  7.8
Bows           | |  1.0
Armour         | |  2.6
Stealth        | |  1.0
Spellcasting   | |  1.0
Translocations | |  1.0

Action                   |  1- 3 |  4- 6 |  7- 9 | 10-12 || total
-------------------------+-------+-------+-------+-------++-------
Melee: Unarmed           |       |    48 |   416 |   116 ||   580
       Kick              |       |    20 |     9 |       ||    29
       Headbutt          |       |    14 |    95 |    41 ||   150
       Punch             |       |     1 |    16 |    15 ||    32
 Fire: Shortbow          |   157 |    88 |    76 |       ||   321
Throw: Dart              |       |    16 |   104 |    22 ||   142
 Cast: Freeze            |     7 |     4 |       |       ||    11
Evoke: Wand              |       |     4 |       |    12 ||    16
  Use: Scroll            |     5 |     7 |    14 |     1 ||    27
       Potion            |       |     2 |     7 |     1 ||    10
 Stab: Sleeping          |       |       |     1 |       ||     1
Armor: Scale mail        |    52 |     4 |       |       ||    56
       Robe              |     4 |       |       |       ||     4
       Ring mail         |       |    40 |   198 |    61 ||   299
       Skin              |       |     1 |     2 |       ||     3
Dodge: Dodged            |    59 |    54 |   231 |    68 ||   412

Table legend: (Time is in decaauts)
 A = Elapsed time spent in this place.
 B = Non-inter-level travel time spent in this place.
 C = Inter-level travel time spent in this place.
 D = Time resting spent in this place.
 E = Time spent auto-exploring this place.
 F = Levels seen in this place.
 G = Mean time per level.
                   A        B        C        D        E       F      G
               +--------+--------+--------+--------+--------+-----+--------+
         Total |  19462 |  17920 |   1542 |   4219 |  11389 |  11 | 1769.3 |
       Dungeon |  19245 |  17801 |   1444 |   4219 |  11273 |  10 | 1924.5 |
        Temple |    217 |    119 |     98 |      0 |    116 |   1 |  217.0 |
               +--------+--------+--------+--------+--------+-----+--------+

Top non-repeatable levels by time:
     D:6: 3688 daAuts
     D:5: 2546 daAuts
     D:9: 2540 daAuts
     D:8: 2138 daAuts
     D:7: 2135 daAuts
     D:4: 2129 daAuts
     D:1: 1746 daAuts
     D:2: 1317 daAuts
     D:3: 907 daAuts
  Temple: 217 daAuts
    D:10: 95 daAuts
